 Dungeon Crawl Stone Soup version 0.29.1-15-g9cfb28693d (webtiles) character file.

Game seed: 6597328624370513202

128 cdecastro the Cleaver (level 5, 0/45 HPs)
             Began as a Hill Orc Fighter on Feb 24, 2023.
             Was an Initiate of Beogh.
             Slain by a gnoll
             ... wielding a +0 flail
              (2 damage)
             ... on level 3 of the Dungeon.
             The game lasted 00:04:17 (2909 turns).

cdecastro the Cleaver (Hill Orc Fighter)            Turns: 2909, Time: 00:04:17

Health: 0/45       AC: 10    Str: 21    XL:     5   Next: 12%
Magic:  5/5        EV:  7    Int:  8    God:    Beogh [......]
Gold:   128        SH:  0    Dex: 10    Spells: 4/4 levels left

rFire   . . .      SeeInvis +   a - +0 war axe
rCold   . . .      Faith    .   (no shield)
rNeg    . . .      Spirit   .   p - +0 chain mail
rPois   .          Reflect  .   m - +0 helmet
rElec   .          Harm     .   (no cloak)
rCorr   .          Rampage  .   (no gloves)
Will    .....                   (no boots)
Stlth   ..........              (no amulet)
HPRegen 0.15/turn               s - ring of see invisible
MPRegen 0.09/turn               (no ring)

@: studying Axes
A: no striking features
a: Renounce Religion


You were on level 3 of the Dungeon.
You worshipped Beogh.
Beogh was noncommittal.
You visited 1 branch of the dungeon, and saw 4 of its levels.

You collected 128 gold pieces.

Inventory:

Hand Weapons
 a - a +0 war axe (weapon)
 v - a +0 arbalest
Armour
 b - a +0 scale mail
 c - a +0 buckler
 m - a +0 helmet (worn)
 p - a +0 chain mail (worn)
Magical Staves
 t - a staff of conjuration
Jewellery
 s - a ring of see invisible (left hand)
 u - a ring of ice
 y - a ring of protection from cold
Scrolls
 e - a scroll of magic mapping {unknown}
 f - 2 scrolls of identify {unknown}
 h - a scroll of acquirement {unknown}
 i - a scroll of blinking {unknown}
 l - 4 scrolls of immolation {unknown}
 o - a scroll of butterflies {unknown}
 w - a scroll of enchant weapon {unknown}
Potions
 d - 3 potions of might
 g - a potion of attraction {unknown}
 j - 2 potions of heal wounds {unknown}
 k - 2 potions of curing {unknown}
 n - 2 potions of cancellation {unknown}
 q - a potion of berserk rage {unknown}
 r - a potion of flight {unknown}
 x - a potion of brilliance {unknown}


   Skills:
 - Level 3.6 Fighting
 + Level 9.2 Axes
 - Level 3.2 Armour
 - Level 3.2 Shields


You had 4 spell levels left.
You didn't know any spells.
Your spell library contained the following spells:

 Spells                   Type           Power      Damage    Failure   Level
 Sublimation of Blood     Necr           0%         N/A       99%         2
 Wereblood                Tmut           0%         N/A       99%         2
 Call Canine Familiar     Summ           0%         N/A       100%        3
 Portal Projectile        Hex/Tloc       0%         N/A       100%        3
 Leda's Liquefaction      Hex/Erth       0%         N/A       100%        4
 Summon Hydra             Summ           0%         N/A       100%        7


Dungeon Overview and Level Annotations

Branches:
Dungeon (4/15)
 Temple: D:4-7

Altars:

Shops:
D:3 (


Message History

The orc hits the plant with a +0 whip.
You slash the gnoll!
The gnoll is severely wounded.
You slash the orc!
You kill the orc!
Beogh accepts your kill.
You hit the orc wizard but do no damage.
You feel sick. The gnoll hits you with a +0 flail!
* * * LOW HITPOINT WARNING * * *
The orc wizard closely misses you.
The orc wizard attacks as you move away!
The orc wizard hits you but does no damage.
You feel sick. The gnoll barely misses you.
Unknown command.
Okay, then.
Okay, then.
Unknown command.
You feel sick.
You are no longer poisoned.
A nearby plant withers and dies.
A nearby fungus withers and dies.
Unknown command.
The gnoll attacks as you move away! The gnoll hits you with a +0 flail.
* * * LOW HITPOINT WARNING * * *
The gnoll attacks as you move away! The gnoll hits you but does no damage.
The gnoll attacks as you move away! The gnoll hits you but does no damage.
The gnoll attacks as you move away! The gnoll hits you but does no damage.
The gnoll attacks as you move away! The gnoll hits you with a +0 flail.
* * * LOW HITPOINT WARNING * * *
There is a stone staircase leading down here.
The gnoll hits you but does no damage.
You climb downwards.
The gnoll shouts! x2
There is a stone staircase leading up here.
The gnoll hits you with a +0 flail.
* * * LOW HITPOINT WARNING * * *
You climb upwards.
There is a stone staircase leading down here.
Unknown command.
The gnoll attacks as you move away! The gnoll hits you with a +0 flail.
You die...

....#.# #...................#
....#.# #...........o.#######
....#.# #.#...........# ###.#.#
###.#..........## #.#.#
#......).....).# #.#.#
#..............####### #.#.#
#................#.... #.#.#
#.....>...o....#...# ## #.#.#
##......@go..)......# #.+ #.#.#
#.......[.....#o....##..# #.#.#
#.....#......##.##......#
###.#.###.....#########.####..###
#.......####### ##....# ##.###
.........##########..#### #...#
.....[..........##..##########..#
..........#####.................#
..........# ####.####.######...


You could see an orc wizard, a gnoll, 2 orcs and a neutral orc (wandering).

Vanquished Creatures
  Robin (D:1)
  2 gnolls (D:2)
  4 adders
  A dart slug (D:2)
  2 orcs (D:3)
  6 ball pythons
  5 endoplasms
  2 giant cockroaches (D:1)
  15 goblins
  6 hobgoblins
  2 jackals (D:2)
  4 kobolds
  2 quokkas
  4 frilled lizards
  5 rats
61 creatures vanquished.

Vanquished Creatures (others)
  4 fungi (D:3)
  8 plants (D:3)
12 creatures vanquished.

Grand Total: 73 creatures vanquished

Notes
Turn   | Place    | Note
-------+----------+-------------------------------------------
     0 | D:1      | cdecastro the Hill Orc Fighter began the quest for the Orb.
     0 | D:1      | Reached XP level 1. HP: 19/19 MP: 1/1
    32 | D:1      | Reached skill level 3 in Axes
   145 | D:1      | Reached skill level 4 in Axes
   145 | D:1      | Reached XP level 2. HP: 24/26 MP: 2/2
   557 | D:1      | Reached skill level 5 in Axes
  1052 | D:2      | Reached skill level 6 in Axes
  1052 | D:2      | Reached XP level 3. HP: 17/31 MP: 3/3
  1447 | D:2      | Noticed Robin
  1635 | D:1      | Killed Robin
  1636 | D:1      | Reached skill level 7 in Axes
  1741 | D:2      | Reached XP level 4. HP: 39/39 MP: 4/4
  1880 | D:2      | Reached skill level 8 in Axes
  2487 | D:3      | Became a worshipper of Beogh the Brigand
  2663 | D:2      | Reached XP level 5. HP: 20/45 MP: 5/5
  2854 | D:3      | Found Voed's Antique Weapon Emporium.
  2878 | D:3      | Reached skill level 9 in Axes
  2907 | D:4      | HP: 2/45 [gnoll/+0 flail (2)]
  2909 | D:3      | Slain by a gnoll

Illustrated notes

Levels and vault maps discovered:
D:1:      wander_arrival_chamber, layout_loops_cross, serial_bayou_pond_c,
          nicolae_concentric_dashed_squares_mild
D:2:      layout_basic, cheibrodos_gnoll_hut, uniq_robin
D:3:      layout_rooms, shapermc_ecumenical_altar_mp_ritualfount, serial_shops,
          shop_statue, kennysheep_path_1
D:4:      layout_loops_ring, grunt_decor_resistance

Skill      XL: |  1  2  3  4  5 |
---------------+----------------+-----
Axes           | 4 6 7 8 9 |  9.2
Fighting       | |  3.6
Armour         | |  3.2
Shields        | |  3.2

Action                   |  1- 3 |  4- 6 || total
-------------------------+-------+-------++-------
Melee: War axe           |   107 |    72 ||   179
       Punch             |     3 |       ||     3
Invok: Convert to Beogh  |       |     1 ||     1
Armor: Scale mail        |    59 |     4 ||    63
       Chain mail        |       |    34 ||    34
Dodge: Dodged            |    53 |    27 ||    80
